 Dungeon Crawl Stone Soup version 0.20.1-1-g8b1a95d (webtiles) character file.

12550 vomix the Severer (level 11, -1/82 HPs)
             Began as a Minotaur Berserker on Aug 9, 2017.
             Was a High Priest of Trog.
             Slain by a ten-headed hydra (9 damage)
             ... on level 11 of the Dungeon.
             The game lasted 00:24:31 (9786 turns).

vomix the Severer (Minotaur Berserker)              Turns: 9786, Time: 00:24:32

Health: -1/82      AC: 16    Str: 24    XL:     11   Next: 63%
Magic:  10/10      EV:  6    Int:  4    God:    Trog [*****.]
Gold:   592        SH:  6    Dex: 13    Spells: 10/10 levels left

rFire    . . .     SeeInvis .   a - +0 hand axe
rCold    . . .     Gourm    .   G - +3 buckler of Tazixtoc {rN+}
rNeg     + . .     Faith    .   S - +0 plate armour
rPois    .         Spirit   .   f - +0 hat
rElec    .         Reflect  .   b - +0 cloak
rCorr    .         Harm     .   d - +2 pair of gloves
MR       ++...                  u - +0 pair of boots
Stlth    ..........             (no amulet)
Regen    1.3/turn               q - +4 ring of slaying
MPRegen  0.2/turn               F - +2 ring of strength

@: about to teleport, berserk cooldown, regenerating, slowed, very slow
A: retaliatory headbutt, horns 2
a: Berserk, Trog's Hand, Brothers in Arms, Burn Spellbooks, Renounce Religion


You were on level 11 of the Dungeon.
You worshipped Trog.
Trog was extremely pleased with you.
You were near starving.

You visited 2 branches of the dungeon, and saw 12 of its levels.
You also visited: Sewer.

You collected 592 gold pieces.

Inventory:

Hand Weapons
 a - a +0 hand axe (weapon)
Missiles
 R - 3 exploding tomahawks (quivered)
Armour
 b - a +0 cloak (worn)
 d - a +2 pair of gloves (worn)
 f - a +0 hat (worn)
 u - a +0 pair of boots (worn)
 G - the +3 buckler of Tazixtoc (worn) {rN+}
   (You found it on level 7 of the Dungeon)

   It protects you from negative energy.
 S - a +0 plate armour (worn)
Jewellery
 q - a +4 ring of slaying (left hand)
 F - a +2 ring of strength (right hand)
 Q - the ring "Soobac" {Ice Dex+4}
   (You found it on level 9 of the Dungeon)

   [ring of ice]

   It enhances your ice magic.
   It affects your dexterity (+4).
   It makes you vulnerable to fire.
   It protects you from cold.
Wands
 h - a wand of flame (13/48)
 r - a wand of random effects (24/48)
 y - a wand of paralysis (24/24)
 B - a wand of acid (8/15)
 D - a wand of digging (9/24)
 H - a wand of confusion (28/48)
Scrolls
 e - 10 scrolls of recharging
 i - 3 scrolls of enchant armour
 l - 4 scrolls of immolation
 m - 7 scrolls of fog
 n - 4 scrolls of teleportation
 s - 4 scrolls of remove curse
 t - 3 scrolls of fear {unknown}
 x - 2 scrolls of enchant weapon {unknown}
 A - 5 scrolls of magic mapping
 E - 3 scrolls of amnesia {unknown}
Potions
 j - 3 potions of lignification
 k - 4 potions of heal wounds
 o - 4 potions of curing
 p - 2 potions of agility
 v - 4 potions of mutation
 z - a potion of ambrosia
 C - 2 potions of might
 M - 2 potions of flight
 O - 2 potions of cancellation
Books
 K - a book of Cantrips

   Spells                             Type                      Level
   a - Confusing Touch                Hexes                        1
   b - Animate Skeleton               Necromancy                   1
   c - Summon Small Mammal            Summoning                    1
   d - Apportation                    Translocation                1
   Trog disapproves of the use of such an item.
 L - a book of Misfortune

   Spells                             Type                      Level
   a - Confusing Touch                Hexes                        1
   b - Confuse                        Hexes                        3
   c - Gell's Gravitas                Translocation                3
   d - Petrify                        Transmutation/Earth          4
   e - Metabolic Englaciation         Hexes/Ice                    5
   f - Yara's Violent Unravelling     Hexes/Transmutation          5
   Trog disapproves of the use of such an item.
 P - a book of Misfortune

   Spells                             Type                      Level
   a - Confusing Touch                Hexes                        1
   b - Confuse                        Hexes                        3
   c - Gell's Gravitas                Translocation                3
   d - Petrify                        Transmutation/Earth          4
   e - Metabolic Englaciation         Hexes/Ice                    5
   f - Yara's Violent Unravelling     Hexes/Transmutation          5
   Trog disapproves of the use of such an item.
Comestibles
 c - 10 bread rations
 g - 5 meat rations
 w - 3 fruits
 I - 2 royal jellies


   Skills:
 - Level 3.6 Fighting
 + Level 20.3 Axes
 - Level 2.4 Armour
 - Level 2.1 Dodging


You had 10 spell levels left.
You didn't know any spells.

Dungeon Overview and Level Annotations

Branches:
Dungeon (11/15)            Temple (1/1) D:6            Lair (0/6) D:11
    Orc (0/2) D:10

Altars:
Ashenzari
Cheibriados
Dithmenos
Elyvilon
Fedhas
Gozag
Hepliaklqana
Kikubaaqudgha
Makhleb
Nemelex Xobeh
Okawaru
Qazlal
Ru
Sif Muna
Trog
Uskayaw
Vehumet
Xom
Yredelemnul
Zin
The Shining One

Shops:
D:5 *

Portals:
Trove: D:10 (give +4 fire dragon scales)


Innate Abilities, Weirdness & Mutations

You reflexively headbutt those who attack you in melee.
You have a pair of horns on your head.


Message History

You block the gargoyle's attack.
As you read the scroll of teleportation, it crumbles to dust.
You feel strangely unstable. The ten-headed hydra barely misses you.
The ten-headed hydra bites you.
* * * LOW HITPOINT WARNING * * *
The ten-headed hydra bites you.
* * * LOW HITPOINT WARNING * * *
You block the ten-headed hydra's attack.
The ten-headed hydra bites you but does no damage. x2
The ten-headed hydra barely misses you.
The ten-headed hydra bites you but does no damage. x2
The ten-headed hydra bites you!
* * * LOW HITPOINT WARNING * * *
The gargoyle hurls a stone arrow at you.
The stone arrow misses you. The ten-headed hydra bites you.
* * * LOW HITPOINT WARNING * * *
The ten-headed hydra bites you.
* * * LOW HITPOINT WARNING * * *
The ten-headed hydra bites you!
You die...

∩,,,,,,,,,,,,,,,,*#.........#,*
,#.........#******#.........#,*
,..........# #.........#,*
,..........# ###.....###,*
,..........# #.....# *,*
,..........# #.....# *,*
,..........# #.....# *,*
,>.........##########)....#**,*
,.......).)))).D@.).......+,,,*
,.........)####9#####.....#****
,............##.# #........,*
,..?.........##.# #########,*
*##.####.....##.########### *,*
**#,* #.....##...........# *,*
,,,,* ###.####...........# *,*
***** #.# #...........###,*** *
*,* #.............#,,,,


You could see a ten-headed hydra and a gargoyle.

Vanquished Creatures
  2 two-headed ogres
  2 skeletal warriors (D:10)
  An ugly thing (D:11)
  A troll (D:9)
  7 hippogriffs
  A slime creature (D:8)
  Grinder (D:6)
  Sigmund (D:3)
  A spriggan (D:8)
  A wyvern (D:9)
  Eustachio (D:5)
  2 wraiths (D:8)
  4 hungry ghosts
  3 wargs (D:10)
  A water moccasin (D:8)
  3 ice beasts
  2 black bears
  An eye of draining (D:10)
  2 sky beasts
  2 orc warriors (D:10)
  6 phantoms
  7 ogres
  4 centaurs
  A big kobold (D:9)
  13 bullfrogs
  A wyvern zombie (D:10)
  4 scorpions
  A wyvern skeleton (D:10)
  6 killer bees
  9 wights
  3 crimson imps
  A quasit (D:9)
  A centaur zombie (D:9)
  3 bullfrog zombies
  6 human zombies (D:8)
  7 orc wizards
  An orc priest (D:11)
  Crazy Yiuf (D:3)
  6 hounds
  3 centaur skeletons
  Terence (D:3)
  Ijyb (D:4)
  2 iguanas
  6 worker ants
  A killer bee zombie (D:8)
  An ogre skeleton (D:8)
  3 hound skeletons
  A mummy (D:8)
  3 gnolls (D:3)
  A howler monkey skeleton (D:6)
  18 adders
  5 river rats
  4 shadow imps
  6 oozes
  4 adder skeletons
  2 adder zombies
  A worm (D:4)
  A dart slug (D:5)
  4 leopard geckos
  31 orcs
  14 ball pythons
  9 bats
  2 giant cockroaches
  12 goblins
  8 hobgoblins
  5 jackals
  4 quokkas
  7 frilled lizards
  20 kobolds
  An orc skeleton (D:8)
  37 rats
338 creatures vanquished.

Vanquished Creatures (collateral kills)
  A skeletal warrior (D:10)
1 creature vanquished.

Grand Total: 339 creatures vanquished

Notes
Turn   | Place    | Note
-------+----------+-------------------------------------------
     0 | D:1      | vomix the Minotaur Berserker began the quest for the Orb.
     0 | D:1      | Reached XP level 1. HP: 19/19 MP: 0/0
   105 | D:1      | Reached skill level 4 in Axes
   307 | D:1      | Reached XP level 2. HP: 26/26 MP: 1/1
   697 | D:1      | Reached skill level 5 in Axes
   705 | D:1      | Reached XP level 3. HP: 30/31 MP: 2/2
  1026 | D:2      | Reached ** piety under Trog
  1317 | D:2      | Reached skill level 6 in Axes
  1317 | D:2      | Reached XP level 4. HP: 37/39 MP: 3/3
  1601 | D:3      | Reached XP level 5. HP: 19/45 MP: 4/4
  1792 | D:3      | Reached skill level 7 in Axes
  1822 | D:3      | Noticed Sigmund
  1833 | D:3      | Killed Sigmund
  1833 | D:3      | Reached skill level 8 in Axes
  1833 | D:3      | Reached XP level 6. HP: 51/51 MP: 5/5
  1896 | D:3      | Found a runed door.
  1902 | D:3      | Noticed Crazy Yiuf
  1920 | D:3      | Killed Crazy Yiuf
  2280 | D:3      | Noticed Terence
  2289 | D:3      | Killed Terence
  2457 | D:3      | Reached skill level 9 in Axes
  2979 | D:4      | Reached *** piety under Trog
  3017 | D:4      | Found a shadowy altar of Dithmenos.
  3020 | D:4      | Reached XP level 7. HP: 57/57 MP: 6/6
  3025 | D:4      | Noticed Ijyb
  3035 | D:4      | Killed Ijyb
  3271 | D:4      | Reached skill level 10 in Axes
  3564 | D:4      | Reached skill level 11 in Axes
  3654 | D:5      | Entered Level 5 of the Dungeon
  3667 | D:5      | Reached XP level 8. HP: 57/64 MP: 7/7
  3739 | D:5      | Reached skill level 12 in Axes
  3772 | D:5      | Found a glowing drain.
  3830 | Sewer    | Entered a sewer
  4069 | Sewer    | Reached **** piety under Trog
  4284 | D:5      | Found an opulent altar of Gozag.
  4288 | D:5      | Found Gozag's Platinum Reserve.
  4299 | D:5      | Noticed Eustachio
  4311 | D:5      | Killed Eustachio
  4311 | D:5      | Reached skill level 13 in Axes
  4423 | D:5      | Found a hide-covered altar of Uskayaw.
  4424 | D:5      | Found a stormy altar of Qazlal.
  4804 | D:6      | Reached XP level 9. HP: 62/70 MP: 8/8
  4844 | D:6      | Reached skill level 14 in Axes
  4899 | D:6      | Noticed Grinder
  4902 | D:6      | Found a staircase to the Ecumenical Temple.
  4909 | D:6      | Killed Grinder
  4932 | Temple   | Entered the Ecumenical Temple
  5346 | D:7      | Found a basalt altar of Yredelemnul.
  5351 | D:7      | Reached skill level 15 in Axes
  5494 | D:7      | Got a smoking buckler
  5545 | D:7      | Noticed a two-headed ogre
  5551 | D:7      | Killed a two-headed ogre
  5551 | D:7      | Reached skill level 16 in Axes
  6089 | D:7      | Identified the +3 buckler of Tazixtoc {rN+} (You found it on level 7 of the Dungeon)
  6165 | D:8      | Reached XP level 10. HP: 77/77 MP: 9/9
  6312 | D:8      | Reached ***** piety under Trog
  6352 | D:8      | Reached skill level 17 in Axes
  6645 | D:8      | Found a shattered altar of Ashenzari.
  6645 | D:8      | Found a glowing silver altar of Zin.
  6645 | D:8      | Found a hazy altar of Hepliaklqana.
  6896 | D:8      | Found an ancient bone altar of Kikubaaqudgha.
  6945 | D:8      | Reached skill level 18 in Axes
  7884 | D:9      | Reached XP level 11. HP: 82/82 MP: 10/10
  8010 | D:9      | Found a blossoming altar of Fedhas.
  8080 | D:9      | Found an iron altar of Okawaru.
  8128 | D:9      | Got a glittering glass ring
  8222 | D:9      | Identified the ring "Soobac" {Ice Dex+4} (You found it on level 9 of the Dungeon)
  8230 | D:10     | Entered Level 10 of the Dungeon
  8338 | D:10     | Reached skill level 19 in Axes
  8345 | D:10     | Noticed a skeletal warrior
  8346 | D:10     | Noticed a skeletal warrior
  8350 | D:10     | Noticed a skeletal warrior
  8357 | D:10     | Found a staircase to the Orcish Mines.
  8672 | D:10     | Found a portal to a secret trove of treasure.
  8846 | D:10     | Killed a skeletal warrior
  8852 | D:10     | Killed a skeletal warrior
  9274 | D:10     | Killed a skeletal warrior
  9274 | D:10     | Received a gift from Trog
  9549 | D:11     | Noticed a cyan ugly thing
  9555 | D:11     | Killed a cyan ugly thing
  9557 | D:11     | Reached skill level 20 in Axes
  9562 | D:11     | Noticed a two-headed ogre
  9569 | D:11     | Killed a two-headed ogre
  9770 | D:11     | Noticed an eight-headed hydra
  9786 | D:11     | Slain by a ten-headed hydra

Skill      XL: |  1  2  3  4  5  6  7  8  9 10 11 |
---------------+----------------------------------+-----
Axes           | 4 5 6 8 9 11 13 16 18 20 | 20.3
Fighting       | |  3.6
Armour         | |  2.4
Dodging        | |  2.1

Action                   |  1- 3 |  4- 6 |  7- 9 | 10-12 || total
-------------------------+-------+-------+-------+-------++-------
Melee: Hand axe          |    70 |   117 |   285 |   426 ||   898
       Headbutt          |     6 |    10 |    56 |   124 ||   196
Invok: Berserk           |       |     4 |    10 |    11 ||    25
       Trog's Hand       |       |     3 |     5 |     7 ||    15
       Brothers in Arms  |       |       |       |     3 ||     3
Evoke: Wand              |       |       |       |     5 ||     5
  Use: Scroll            |       |     4 |    11 |     7 ||    22
       Potion            |       |     1 |       |     2 ||     3
 Stab: Distracted        |       |       |       |     1 ||     1
  Eat: Chunk             |     1 |    10 |    16 |    26 ||    53
       Fruit             |       |       |     1 |     4 ||     5
       Bread ration      |       |       |     1 |       ||     1
Armor: Animal skin       |     3 |       |       |       ||     3
       Ring mail         |    37 |    34 |       |       ||    71
       Scale mail        |       |     6 |     5 |       ||    11
       Skin              |       |     1 |       |       ||     1
       Chain mail        |       |       |   135 |   123 ||   258
       Plate armour      |       |       |       |    47 ||    47
Dodge: Dodged            |    53 |    63 |   103 |    99 ||   318
Block: Buckler           |       |       |     4 |    92 ||    96
